 Dungeon Crawl Stone Soup version 0.26.0-11-g8f856b5395 (webtiles) character file.

Game seed: 8855889323216520972

60 melloss the Conjurer (level 3, 0/20 HPs)
             Began as a Deep Elf Conjurer on Jan 13, 2021.
             Slain by a worker ant (3 damage)
             ... on level 3 of the Dungeon on Jan 14, 2021.
             The game lasted 00:07:26 (1485 turns).

melloss the Conjurer (Deep Elf Conjurer)            Turns: 1485, Time: 00:07:27

Health: 0/20       AC:  3    Str:  4    XL:     3   Next: 80%
Magic:  8/9        EV: 13    Int: 23    God:
Gold:   146        SH:  0    Dex: 13    Spells: 7/8 levels left

rFire    . . .     SeeInvis .   m - +3 dagger
rCold    . . .     Faith    .   (no shield)
rNeg     . . .     Spirit   .   a - +0 robe
rPois    .         Reflect  .   c - +0 helmet
rElec    .         Harm     .   (no cloak)
rCorr    .         Rampage  .   (no gloves)
Will     .....                  (no boots)
Stlth    ++........             (no amulet)
HPRegen  0.06/turn              n - +4 ring of slaying
MPRegen  0.11/turn              (no ring)

@: lethally poisoned (0 -> -8)
A: no striking features
a: no special abilities


You were on level 3 of the Dungeon.
You visited 1 branch of the dungeon, and saw 4 of its levels.

You collected 146 gold pieces.

Inventory:

Hand Weapons
 m - a +3 dagger (weapon)
 o - a +2 short sword of speed
Armour
 a - a +0 robe (worn)
 c - a +0 helmet (worn)
Jewellery
 n - a +4 ring of slaying (left hand)
Scrolls
 b - a scroll of teleportation {unknown}
 e - 7 scrolls of identify
 f - 2 scrolls of remove curse
 h - 2 scrolls of enchant weapon {unknown}
 i - 3 scrolls of enchant armour {unknown}
 l - a scroll of noise {unknown}
Potions
 d - a potion of lignification {unknown}
 g - 2 potions of curing
 j - 2 potions of berserk rage {unknown}
 k - 3 potions of ambrosia {unknown}
 p - a potion of cancellation {unknown}


   Skills:
 - Level 1.6 Fighting
 + Level 1.4 Short Blades
 + Level 3.7 Dodging
 - Level 2.4 Stealth
 - Level 3.0 Spellcasting
 - Level 4.3 Conjurations


You had 7 spell levels left.
You knew the following spells:

 Your Spells              Type           Power        Failure   Level
a - Magic Dart            Conj           92%          1%          1

Your spell library contained the following spells:

 Spells                   Type           Power        Failure   Level
 Searing Ray              Conj           46%          3%          2
 Dazzling Flash           Conj/Hex       26%          14%         3
 Fulminant Prism          Conj/Hex       6%           43%         4
 Iskenderun's Mystic Bla  Conj/Tloc      13%          43%         4


Dungeon Overview and Level Annotations

Branches:
Dungeon (4/15)
 Temple: D:4-7

Altars:


Message History

The worker ant closely misses you. The worker ant bites you!
* * * LOW HITPOINT WARNING * * *
You are lethally poisoned!
The worker ant poisons you!
You climb upwards.
A bat and a giant cockroach come into view.
* * * LOW HITPOINT WARNING * * *
You feel sick.
Found a club.
There is a stone staircase leading down here.
It was a potion of curing.
You feel better. The worker ant bites you.
* * * LOW HITPOINT WARNING * * *
You are lethally poisoned!
The worker ant poisons you!
As you read the scroll labelled TONKAS NIUMMOW, it crumbles to dust.
It is a scroll of identify.
f - 2 scrolls of remove curse
* * * LOW HITPOINT WARNING * * *
You feel sick. The worker ant bites you.
You die...

#########
##........
##.........
#..........
####..........
.............
#..B..B....
#..@....b..
##.........
##........
#######.. )


You could see a worker ant, a giant cockroach and a bat.

Vanquished Creatures
  2 adders (D:2)
  A worm (D:2)
  3 leopard geckos
  A giant cockroach (D:1)
  3 goblins
  6 hobgoblins
  9 kobolds
  A quokka (D:2)
  3 bats (D:1)
  2 frilled lizards (D:2)
  3 rats
34 creatures vanquished.

Notes
Turn   | Place    | Note
-------+----------+-------------------------------------------
     0 | D:1      | melloss the Deep Elf Conjurer began the quest for the Orb.
     0 | D:1      | Reached XP level 1. HP: 10/10 MP: 6/6
   212 | D:1      | Reached skill level 1 in Fighting
   231 | D:1      | Reached XP level 2. HP: 16/16 MP: 1/8
   265 | D:1      | Upgraded the game from 0.26.0-10-g1f06aea511 to
                  | 0.26.0-11-g8f856b5395
  1111 | D:2      | Reached XP level 3. HP: 20/20 MP: 5/9
  1314 | D:2      | Reached skill level 1 in Short Blades
  1472 | D:2      | You fall into a shaft and drop 2 floors!
  1485 | D:3      | Slain by a worker ant

Illustrated notes

Levels and vault maps discovered:
D:1:      lemuel_arrival_river_ford, layout_basic
D:2:      minmay_chambers_of_twos, layout_loops_ring
D:3:      layout_rooms, gammafunk_ghost_smash
D:4:      layout_rooms, skrybe_limestone_x, uniq_pikel

Skill      XL: |  1  2  3 |
---------------+----------+-----
Fighting       | 1 |  1.6
Dodging        | 3 |  3.7
Short Blades   | 1 |  1.4
Stealth        | |  2.4
Spellcasting   | |  3.0
Conjurations   | |  4.3

Action                   || total
-------------------------++-------
Melee: Dagger            ||     8
 Cast: Magic Dart        ||    64
  Use: Scroll            ||     1
       Potion            ||     1
Armor: Robe              ||     3
Dodge: Dodged            ||    10
